 Dungeon Sprint DCSS version 0.27.1-34-g3ba077fa99 (webtiles) character file.

Game seed: 4260809109284840112

11109 Karpo the Ninja (level 11, -9/42 HPs)
             Began as a Spriggan Enchanter on Feb 7, 2022.
             Was the Champion of Dithmenos.
             Mangled by a lorocyproca (12 damage)
             ... in the Dungeon (Sprint I: "Red Sonja").
             The game lasted 00:24:07 (2747 turns).

Karpo the Ninja (Spriggan Enchanter)                Turns: 2747, Time: 00:24:07

Health: -9/42      AC:  2    Str:  3 (4)  XL:     11   Next: 45%
Magic:  1/26       EV: 21    Int: 20      God:    Dithmenos [******]
Gold:   873        SH:  0    Dex: 14      Spells: 11/30 levels left

rFire    . . .     SeeInvis +   k - +1 dagger (freeze)
rCold    . . .     Faith    .   (shield restricted)
rNeg     . . .     Spirit   .   b - +0 robe
rPois    .         Reflect  .   (helmet restricted)
rElec    .         Harm     .   (no cloak)
rCorr    .         Rampage  .   (gloves unavailable)
Will     +....     NoTele   +   (boots unavailable)
Stlth    ++++++....             (no amulet)
HPRegen  0.14/turn              (no ring)
MPRegen  0.20/turn              (no ring)

@: confused, unable to read, very slightly contaminated, wreathed by umbra,
invisible, very quick
A: very small, no large weapons, unfitting armour, see invisible, speed 3,
clumsy 1, deterioration 1, frail 1, inability to read while threatened
a: Renounce Religion, Shadow Step, Shadow Form


You were in the Dungeon.
You worshipped Dithmenos.
Dithmenos was exalted by your worship.
You visited 1 branch You collected 1293 gold pieces.
You spent 420 gold pieces at shops.

Inventory:

Hand Weapons
 a - a +1 dagger
 i - a +2 short sword of distortion
 k - a +1 dagger of freezing (weapon)
Missiles
 j - 3 curare-tipped darts
Armour
 b - a +0 robe (worn)
Wands
 g - a wand of flame (38)
Scrolls
 h - 2 scrolls of blinking
 n - a scroll of amnesia {unknown}
Potions
 c - 3 potions of curing
 d - a potion of heal wounds
 e - a potion of haste
 f - 2 potions of magic
 l - a potion of flight {unknown}
 m - a potion of lignification {unknown}


   Skills:
 - Level 13.0 Short Blades
 - Level 8.0 Dodging
 O Level 27 Stealth
 - Level 10.0 Spellcasting
 + Level 15.6 Hexes


You had 11 spell levels left.
You knew the following spells:

 Your Spells              Type           Power      Damage    Failure   Level
a - Corona                Hex            71%        N/A       0%          1
b - Ensorcelled Hibernat  Hex/Ice        82%        N/A       1%          2
c - Confusing Touch       Hex            64%        N/A       1%          3
d - Tukima's Dance        Hex            64%        N/A       1%          3
e - Invisibility          Hex            32%        N/A       1%          6
f - Dazzling Flash        Conj/Hex       82%        N/A       1%          3
g - Apportation           Tloc           20%        N/A       7%          1

Your spell library contained the following spells:

 Spells                   Type           Power      Damage    Failure   Level
 Fulminant Prism          Conj/Hex       20%        3d13      2%          4
 Magic Dart               Conj           40%        1d5       7%          1
 Sting                    Tmut/Pois      40%        1d5       7%          1
 Poisonous Vapours        Pois/Air       20%        N/A       11%         2
 Searing Ray              Conj           20%        3d3       11%         2
 Olgreb's Toxic Radiance  Pois           10%        N/A       56%         4
 Alistair's Intoxication  Tmut/Pois      6%         N/A       88%         5


Dungeon Overview and Level Annotations

Branches:
Dungeon (1/1)

Altars:
Cheibriados
Dithmenos
Elyvilon
Fedhas
Gozag
Hepliaklqana
Kikubaaqudgha
Makhleb
Nemelex Xobeh
Okawaru
Qazlal
Ru
Sif Muna
Trog
Uskayaw
Vehumet
Wu Jian
Xom
Yredelemnul
Zin
The Shining One
Jiyva
Lugonu

Shops:
D *!!?**([**:::=:[*

Annotations:
D exclusion: oklob plant


Innate Abilities, Weirdness & Mutations

You are very small and have problems with some larger weapons.
You are too small for most types of armour.
You have supernaturally acute eyesight. (SInv)
You cover ground extremely quickly. (Speed+++)
You are clumsy. (Dex -2)
Your body sometimes deteriorates upon taking damage.
You are frail. (-10% HP)
You sometimes lose the ability to read scrolls when taking damage.


Message History

You are more confused.
You hit the lorocyproca but do no damage.
Your shadow hits the lorocyproca with a dagger.
You are engulfed in noxious fumes.
You choke on the stench!
You are more confused.
The lorocyproca hits you!!
You emit a cloud of dark smoke.
You feel your power leaking away.
You're too confused to cast spells.
Unknown command.
You are engulfed in noxious fumes.
You choke on the stench!
You are more confused.
There is an open door here.
You are engulfed in noxious fumes.
You choke on the stench!
You are more confused.
The lorocyproca hits you!
You feel threatened and lose the ability to read scrolls!
* * * LOW HITPOINT WARNING * * *
You emit a cloud of dark smoke.
You feel your power leaking away.
There is an open door, spattered with blood here.
You miss the lorocyproca.
You are engulfed in noxious fumes.
You choke on the stench!
You are more confused.
You hit the lorocyproca but do no damage.
The lorocyproca misses you.
You barely miss the lorocyproca.
You avoid triggering an arrow trap.
There is an arrow trap here.
You hit the lorocyproca. You freeze the lorocyproca.
The lorocyproca is lightly wounded.
You bump into the stone wall.
The lorocyproca hits you.
* * * LOW HITPOINT WARNING * * *
You feel your power leaking away.
You're too confused to cast spells.
Unknown command.
You see here a +0 mace.
You hit the lorocyproca but do no damage.
The lorocyproca is lightly wounded.
The lorocyproca hits you!
You die...

#################################
'..#__#..'..[#).#§§§.§§§.§§§'..#^
#..'^.'..#...##'#.####§§§§.##..+§
##'#__####)..'§.#.# ##§§§#######
.#(####(§#####..'.#+#§###'# #.
##.#≈≈§§§#§.##'####§§§#y#.# #.
#_.§§§≈..'§.#.°○^§#§§§###..###$#.
.._#§§≈.)#..#.○○§2§§§$$$##.#A#$#.
.#'##§#####'###○@§#§§...# .###$#.
'#)#...)###.'.#.○§###++## ##..$#.
.####'###)###.#°.## +###.
..'.....'[∩##.#.°# #P≈.
..###########§##'# #M≈9
.###.......##§##.# ###.
'#.#........§.#### '.
...#'..######.# ^##
.(.#..§§§§§§#§# #. ≈


You could see a lorocyproca (invisible).

Vanquished Creatures
  A hydra (D)
  2 centaur warriors (D)
  Sonja (D)
  A deep troll (D)
  A lindwurm (D)
  An oklob plant (D)
  A merfolk siren (D)
  A gargoyle (D)
  2 unseen horrors (D)
  2 kobold demonologists (D)
  4 demonic crawlers (D)
  A slime creature (D)
  2 hornets (D)
  Sigmund (D)
  2 redbacks (D)
  13 hogs (D)
  A yak (D)
  7 floating eyes (D)
  7 necrophages (D)
  An ogre (D)
  8 jellies (D)
  Ijyb (D)
  A ballistomycete spore (D)
62 creatures vanquished.

Vanquished Creatures (others)
  A merfolk siren (D)
  3 hornets (D)
  A ballistomycete spore (D)
5 creatures vanquished.

Grand Total: 67 creatures vanquished

Notes
Turn   | Place    | Note
-------+----------+-------------------------------------------
     0 | D        | Karpo the Spriggan Enchanter began the quest for the Orb.
     0 | D        | Reached XP level 1. HP: 9/9 MP: 5/5
     1 | D        | Noticed Ijyb
     7 | D        | Killed Ijyb
     8 | D        | Reached skill level 9 in Stealth
     8 | D        | Reached XP level 2. HP: 13/13 MP: 6/6
    70 | D        | Learned a level 2 spell: Ensorcelled Hibernation
    79 | D        | Noticed an ogre
    81 | D        | Killed an ogre
    82 | D        | Reached skill level 14 in Stealth
    82 | D        | Reached XP level 3. HP: 16/16 MP: 8/8
    82 | D        | Reached XP level 4. HP: 21/21 MP: 9/9
    83 | D        | Noticed Sigmund
    86 | D        | Killed Sigmund
    87 | D        | Reached skill level 18 in Stealth
    87 | D        | Reached XP level 5. HP: 24/24 MP: 10/10
    87 | D        | Reached XP level 6. HP: 28/28 MP: 11/11
   112 | D        | Found an ornate altar of the Wu Jian Council.
   112 | D        | Found a shimmering blue altar of Sif Muna.
   114 | D        | Found a radiant altar of Vehumet.
   138 | D        | Found Qeijar's Distillery.
   138 | D        | Found an ancient bone altar of Kikubaaqudgha.
   138 | D        | Found a hazy altar of Hepliaklqana.
   138 | D        | Found a stormy altar of Qazlal.
   138 | D        | Found a hide-covered altar of Uskayaw.
   138 | D        | Found a blossoming altar of Fedhas.
   138 | D        | Found a bloodstained altar of Trog.
   138 | D        | Found an iron altar of Okawaru.
   138 | D        | Found a basalt altar of Yredelemnul.
   138 | D        | Found a glowing golden altar of the Shining One.
   138 | D        | Found a snail-covered altar of Cheibriados.
   138 | D        | Found a sacrificial altar of Ru.
   138 | D        | Found a glowing silver altar of Zin.
   138 | D        | Found a shadowy altar of Dithmenos.
   138 | D        | Found a white marble altar of Elyvilon.
   138 | D        | Noticed a yak
   139 | D        | Found an opulent altar of Gozag.
   140 | D        | Killed a yak
   141 | D        | Reached skill level 20 in Stealth
   141 | D        | Found a sparkling altar of Nemelex Xobeh.
   147 | D        | Became a worshipper of Dithmenos the Shadowed
   164 | D        | Noticed Sonja
   168 | D        | Killed Sonja
   169 | D        | Reached skill level 23 in Stealth
   169 | D        | Reached XP level 7. HP: 32/32 MP: 12/12
   400 | D        | Found Lubud's Assorted Antiques.
   420 | D        | Noticed a deep troll
   424 | D        | Killed a deep troll
   425 | D        | Reached skill level 25 in Stealth
   425 | D        | Reached XP level 8. HP: 36/36 MP: 13/13
   451 | D        | Learned a level 3 spell: Confusing Touch
   455 | D        | Learned a level 3 spell: Tukima's Dance
   457 | D        | Noticed a centaur warrior
   459 | D        | Noticed a centaur warrior
   461 | D        | Killed a centaur warrior
   461 | D        | Reached * piety under Dithmenos
   462 | D        | Reached skill level 26 in Stealth
   462 | D        | Reached XP level 9. HP: 39/39 MP: 14/14
   462 | D        | Killed a centaur warrior
   463 | D        | Reached skill level 27 in Stealth
   479 | D        | Found a burning altar of Makhleb.
   479 | D        | Found a viscous altar of Jiyva.
   479 | D        | Found a shimmering altar of Xom.
   479 | D        | Found a corrupted altar of Lugonu.
   495 | D        | Noticed a kobold demonologist
   496 | D        | Noticed a kobold demonologist
   498 | D        | Reached ** piety under Dithmenos
   501 | D        | Killed a kobold demonologist
   502 | D        | Reached skill level 10 in Short Blades
   508 | D        | Killed a kobold demonologist
   594 | D        | Noticed a demonic crawler
   594 | D        | Noticed a demonic crawler
   594 | D        | Noticed a demonic crawler
   594 | D        | Noticed a demonic crawler
   596 | D        | Killed a demonic crawler
   596 | D        | Reached *** piety under Dithmenos
   597 | D        | Killed a demonic crawler
   598 | D        | Reached XP level 10. HP: 44/44 MP: 15/15
   601 | D        | Reached skill level 5 in Dodging
   602 | D        | Noticed a gargoyle
   640 | D        | Found Saat Bio's Armour Emporium.
   692 | D        | Reached **** piety under Dithmenos
   703 | D        | Noticed an oklob plant
   705 | D        | Killed an oklob plant
   719 | D        | Reached skill level 5 in Hexes
   722 | D        | Reached skill level 5 in Spellcasting
   774 | D        | Reached ***** piety under Dithmenos
  1136 | D        | Found Zuvvom Narur's Magic Scroll Shoppe.
  1136 | D        | Found Epulaem's Jewellery Boutique.
  1137 | D        | Found Koikke's Assorted Antiques.
  1137 | D        | Found Uroitom's Book Emporium.
  1138 | D        | Found Wuuclob's Assorted Antiques.
  1165 | D        | Reached ****** piety under Dithmenos
  1274 | D        | Found Zuoluery's Distillery.
  1276 | D        | Found Wegak's General Store.
  1276 | D        | Found Xaagge Ziept's Weapon Shop.
  1276 | D        | Found Mocuuz's Armour Shoppe.
  1276 | D        | Found Fesudiu's Assorted Antiques.
  1276 | D        | Found Julaonk's Assorted Antiques.
  1276 | D        | Found Eteonn's Book Shop.
  1276 | D        | Found Jymeg's Book Shoppe.
  1280 | D        | Found Qoarch's Book Boutique.
  1324 | D        | Bought a book of Party Tricks for 420 gold pieces
  1331 | D        | Learned a level 6 spell: Invisibility
  1335 | D        | Learned a level 3 spell: Dazzling Flash
  1337 | D        | Learned a level 1 spell: Apportation
  1376 | D        | Noticed a shining eye
  1376 | D        | Noticed a shining eye
  1376 | D        | Noticed a shining eye
  1377 | D        | Noticed a shining eye
  1377 | D        | Noticed a shining eye
  1377 | D        | Noticed a shining eye
  1378 | D        | Noticed a shining eye
  1378 | D        | Noticed a shining eye
  1382 | D        | Gained mutation: Your body sometimes deteriorates upon
                  | taking damage. [a shining eye]
  1383 | D        | Gained mutation: You are clumsy. (Dex -2) [a shining eye]
  1401 | D        | Gained mutation: You sometimes lose the ability to read
                  | scrolls when taking damage. [a shining eye]
  1401 | D        | Gained mutation: You are frail. (-10% HP) [a shining eye]
  1474 | D        | Noticed a lindwurm
  1480 | D        | Killed a lindwurm
  1481 | D        | Reached skill level 10 in Hexes
  1481 | D        | Reached XP level 11. HP: 41/42 MP: 22/25
  1501 | D        | Reached skill level 10 in Spellcasting
  1695 | D        | Noticed a 12-headed hydra
  1697 | D        | Killed a 12-headed hydra
  1713 | D        | Noticed a daeva
  1722 | D        | Noticed a deep elf annihilator
  2099 | D        | Noticed a mummy priest
  2101 | D        | Reached skill level 15 in Hexes
  2102 | D        | Noticed an oklob plant
  2104 | D        | Noticed a sun demon
  2542 | D        | Noticed a lorocyproca
  2745 | D        | HP: 2/42 [lorocyproca (3)]
  2747 | D        | Mangled by a lorocyproca

Illustrated notes

Levels and vault maps discovered:
D:        dungeon_sprint_1 [red_sonja_temple_1, red_sonja_temple_small_1]

Skill      XL: |  1  2  3  4  5  6  7  8  9 10 11 |
---------------+----------------------------------+-----
Stealth        | 9 14 18 23 25 26 27 | 27.0
Short Blades   | 12 13 | 13.0
Dodging        | 8 |  8.0
Spellcasting   | 9 10 | 10.0
Hexes          | 10 15 | 15.6

Action                   |  1- 3 |  4- 6 |  7- 9 | 10-12 || total
-------------------------+-------+-------+-------+-------++-------
Melee: Dagger            |     4 |     4 |    12 |    85 ||   105
 Cast: Ensorcelled Hiber |       |       |     3 |    24 ||    27
       Confusing Touch   |       |       |     1 |     5 ||     6
       Invisibility      |       |       |       |     4 ||     4
       Dazzling Flash    |       |       |       |     2 ||     2
  Use: Potion            |     1 |       |       |       ||     1
 Stab: Sleeping          |     2 |     4 |     9 |    40 ||    55
       Confused          |       |       |     1 |     5 ||     6
       Invisible         |       |       |       |     1 ||     1
Dodge: Dodged            |     1 |       |    12 |    26 ||    39
